 Dungeon Crawl Stone Soup version 0.21.1-1-g345015fe64 (webtiles) character file.

291 KingHarkinian the Cleaver (level 6, -10/50 HPs)
             Began as a Minotaur Gladiator on Apr 16, 2018.
             Mangled by an ogre
             ... wielding a +0 giant club
              (15 damage)
             ... on level 4 of the Dungeon.
             The game lasted 00:14:45 (2521 turns).

KingHarkinian the Cleaver (Minotaur Gladiator)      Turns: 2521, Time: 00:14:46

Health: -10/50     AC: 12    Str: 19    XL:     6   Next: 10%
Magic:  5/5        EV:  6    Int:  5    God:
Gold:   148        SH:  0    Dex: 13    Spells: 5/5 levels left

rFire    . . .     SeeInvis .   a - +1 war axe
rCold    . . .     Gourm    .   (no shield)
rNeg     . . .     Faith    .   q - +1 plate armour
rPois    .         Spirit   .   c - +0 hat
rElec    .         Reflect  .   e - +0 cloak
rCorr    .         Harm     .   (no gloves)
MR       .....                  (no boots)
Stlth    ..........             (no amulet)
HPRegen  0.16/turn              (no ring)
MPRegen  0.09/turn              (no ring)

@: no status effects
A: retaliatory headbutt, horns 2
a: no special abilities


You were on level 4 of the Dungeon.
You were not hungry.

You visited 1 branch of the dungeon, and saw 4 of its levels.

You collected 148 gold pieces.


Innate Abilities, Weirdness & Mutations

You reflexively headbutt those who attack you in melee.
You have a pair of horns on your head.


   Skills:
 - Level 2.4 Fighting
 + Level 8.3 Axes
 - Level 2.0 Throwing
 - Level 3.2 Dodging


You had 5 spell levels left.
You didn't know any spells.

Inventory:

Hand Weapons
 a - a +1 war axe (weapon)
Missiles
 d - 105 stones (quivered)
 Z - 3 throwing nets {=f}
Armour
 b - a +0 leather armour
 c - a +0 hat (worn)
 e - a +0 cloak (worn)
 i - a +0 ring mail
 k - a +0 chain mail
 q - a +1 plate armour (worn)
Scrolls
 B - 2 scrolls of blinking
 N - a scroll of remove curse
 R - a scroll of identify {@r1}
 T - 3 scrolls of teleportation {@r4}
Potions
 f - a potion of cancellation
 n - a potion of might {unknown}
 o - 2 potions of curing {unknown}
 p - a potion of flight {unknown}
 t - 3 potions of mutation {unknown}
 v - a potion of heal wounds {@q2}
 x - a potion of degeneration {unknown}
Books
 w - a book of Minor Magic

   Spells                             Type                      Level
   a - Magic Dart                     Conjuration                  1
   b - Blink                          Translocation                2
   c - Call Imp                       Summoning                    2
   d - Slow                           Hexes                        2
   e - Conjure Flame                  Conjuration/Fire             3
   f - Mephitic Cloud                 Conjuration/Poison/Air       3
Comestibles
 s - 4 chunks of flesh
 z - 2 rations

Dungeon Overview and Level Annotations

Branches:
Dungeon (4/15)
 Temple: D:4-7

Altars:
Vehumet
The Shining One

###### ....(.
..... #.((#
#.((. #$.(#
#.((#######
#..Oo......
##.@# #..)#
###...### #.#
#.......###.....
#.....>.....##.#
#.......######.#
###...### #.#
#...# #.# ###.#
#.#######


You could see an ogre and an orc.


Message History

You are too injured to fight recklessly!
You are too injured to fight recklessly!
You are too injured to fight recklessly!
You are too injured to fight recklessly!
You completely miss the ogre. Your headbutt misses the ogre.
The ogre is moderately wounded.
You hit the ogre. You headbutt the ogre.
The ogre is severely wounded.
The ogre hits you with a giant club!
* * * LOW HITPOINT WARNING * * *
You hit the ogre but do no damage.
The ogre is severely wounded.
You barely miss the orc. The ogre hits you with a giant club.
* * * LOW HITPOINT WARNING * * *
The orc hits you with a mace.
* * * LOW HITPOINT WARNING * * *
You slash the ogre!
The ogre is almost dead.
You slash the orc!
You kill the orc!
The ogre completely misses you.
You completely miss the ogre.
The ogre is almost dead.
You barely miss the orc. The orc hits you but does no damage.
The ogre hits you with a giant club!
You die...

Action                   |  1- 3 |  4- 6 || total
-------------------------+-------+-------++-------
Melee: War axe           |    74 |    60 ||   134
       Headbutt          |     6 |     8 ||    14
Throw: Stone             |    85 |    58 ||   143
  Use: Scroll            |       |     9 ||     9
  Eat: Chunk             |     3 |     2 ||     5
Armor: Leather armour    |     3 |       ||     3
       Chain mail        |    18 |       ||    18
       Ring mail         |     3 |       ||     3
       Plate armour      |    16 |    36 ||    52
Dodge: Dodged            |    50 |     8 ||    58

Vault maps used:
D:1:      dpeg_arrival_circle_labyrinth_c
D:2:      lemuel_doored_altar, first_ration
D:3:      minmay_misc_feat_alley
D:4:      nicolae_tso_besieged_by_evil, portal_sewer_entry_e, elyvilon_altar_3

Notes
Turn   | Place    | Note
-------+----------+-------------------------------------------
     0 | D:1      | KingHarkinian the Minotaur Gladiator began the quest for the Orb.
     0 | D:1      | Reached XP level 1. HP: 18/18 MP: 0/0
    97 | D:1      | Reached skill level 4 in Axes
   178 | D:1      | Reached XP level 2. HP: 23/25 MP: 1/1
   692 | D:1      | Reached skill level 5 in Axes
   736 | D:1      | Reached XP level 3. HP: 30/30 MP: 2/2
  1624 | D:2      | Found a radiant altar of Vehumet.
  1849 | D:2      | Reached XP level 4. HP: 37/37 MP: 3/3
  1850 | D:2      | Reached skill level 6 in Axes
  2260 | D:3      | You fall through a shaft!
  2282 | D:4      | Found a glowing golden altar of the Shining One.
  2396 | D:4      | Reached skill level 7 in Axes
  2396 | D:4      | Reached XP level 5. HP: 36/42 MP: 4/4
  2466 | D:4      | Reached skill level 8 in Axes
  2466 | D:4      | Reached XP level 6. HP: 48/50 MP: 5/5
  2519 | D:4      | HP: 5/50 [orc/mace (3)]
  2521 | D:4      | Mangled by an ogre

Vanquished Creatures
  A scorpion (D:4)
  2 crimson imps (D:4)
  A hound (D:4)
  A worker ant (D:4)
  4 adders
  2 oozes
  A worm (D:2)
  A dart slug (D:2)
  2 leopard geckos
  5 orcs
  5 bats
  4 giant cockroaches
  4 goblins
  2 hobgoblins
  8 jackals
  2 quokkas (D:4)
  A ball python (D:1)
  5 frilled lizards
  A goblin skeleton (D:4)
  A goblin zombie (D:4)
  2 hobgoblin zombies (D:4)
  13 kobolds
  A kobold skeleton (D:4)
  3 kobold zombies (D:4)
  2 rats (D:3)
74 creatures vanquished.
